AoeStats
← AiM | Facu1414

Arena

507651309Analyzed
4v4 RM · 12d ago on Sep 19, 2026· 41m 11s· 8 players
Game mode
Random Map
Map size
Large (8 player)
Population
200
Speed
Normal
Resources
Standard
Victory
Conquest
Starting age
Dark Age
Ending age
Imperial Age
RankedLock teamsTeams togetherTeam positionsShared explorationLock speedFull tech treeHidden civsTurbo modeCheats
Victory
Defeat
1702
+10
🇻🇳 Romans · Vietnam
1684
+10
🇨🇷 Malay · Costa Rica
1621
+13
🇨🇳 Slavs · China
1600
+13
🇦🇷 Portuguese · Argentina
1615
-14
🇲🇽 Persians · Mexico
1544
-11
🇲🇽 Bengalis · Mexico
1540
-11
🇦🇷 Khmer · Argentina
1517
-10
大空魔术师
10:13 Feudal Age
14:01 Castle Age
12:33 Double-Bit Axe
12:29 Horse Collar
15:03 Heavy Plow
17:08 Loom
20:35 Wheelbarrow
20:23 Town Watch
21:30 Heavy Plow
22:44 Bow Saw
24:00 Hand Cart
27:59 Imperial Age
26:06 Scale Mail Armor
26:16 Forging
26:06 Pikeman
26:46 Squires
27:06 Chain Mail Armor
28:37 Halberdier
29:48 Plate Mail Armor
29:40 Conscription
30:54 Iron Casting
30:31 Onager
32:46 Siege Engineers
34:11 Blast Furnace
33:04 Fletching
33:10 Gold Mining
34:37 Coinage
35:13 Two-Man Saw
35:12 Crop Rotation
35:04 Man-at-Arms
35:40 Bodkin Arrow
36:49 Chemistry
36:13 Detinets
38:00 Banking
37:48 Siege Onager
Draga
9:13 Feudal Age
8:58 Double-Bit Axe
15:17 Castle Age
13:34 Horse Collar
15:05 Bow Saw
17:54 Heavy Plow
18:27 Loom
20:01 Wheelbarrow
21:12 Hand Cart
22:20 Gold Mining
28:01 Imperial Age
25:38 Treadmill Crane
26:07 Scale Barding Armor
26:12 Forging
27:08 Husbandry
27:48 Gold Shaft Mining
28:03 Elite Battle Elephant
29:45 Iron Casting
31:43 Squires
31:04 Pikeman
32:48 Blast Furnace
32:40 Fletching
37:17 Bodkin Arrow
38:49 Caravan
39:34 Crop Rotation
种田人口才是基本盘
10:32 Feudal Age
14:11 Castle Age
12:57 Double-Bit Axe
23:27 Horse Collar
28:57 Fortified Wall
30:02 Wheelbarrow
33:44 Imperial Age
31:02 Loom
31:47 Bow Saw
31:34 Pikeman
32:15 Squires
32:16 Scale Mail Armor
32:18 Gold Mining
33:06 Heavy Plow
34:08 Capped Ram
35:39 Conscription
36:06 Gold Shaft Mining
35:49 Hand Cart
37:17 Chain Mail Armor
37:12 Halberdier
37:38 Arson
38:14 Forging
39:42 Plate Mail Armor
39:48 Iron Casting
39:36 Siege Engineers
41:04 Two-Man Saw
Đà Lạt
8:10 Loom
11:46 Feudal Age
13:32 Fletching
17:13 Wheelbarrow
20:39 Castle Age
19:00 Double-Bit Axe
18:56 Horse Collar
19:47 Gold Mining
23:53 Bow Saw
26:41 Ballistics
33:49 Ballistas
43:07 Imperial Age
AiM | Fubuki Sinri
10:06 Feudal Age
13:42 Castle Age
11:45 Double-Bit Axe
18:18 Horse Collar
22:22 Wheelbarrow
23:43 Hand Cart
23:13 Town Watch
25:35 Town Watch
25:36 Loom
25:45 Gold Mining
25:46 Stone Mining
29:19 Imperial Age
28:28 Scale Barding Armor
28:34 Forging
29:46 Chain Barding Armor
30:02 Iron Casting
29:02 Cavalier
29:52 Bloodlines
29:43 Husbandry
30:57 Plate Barding Armor
29:52 Pikeman
30:32 Squires
30:25 Savar
30:47 Heavy Camel Rider
33:08 Chemistry
33:37 Blast Furnace
36:54 Gold Shaft Mining
ZEK000
5:45 Loom
8:22 Feudal Age
9:15 Double-Bit Axe
11:16 Town Watch
11:43 Horse Collar
20:01 Castle Age
20:11 Wheelbarrow
22:08 Bow Saw
31:10 Imperial Age
29:35 Fletching
29:46 Padded Archer Armor
30:32 Bodkin Arrow
30:40 Gold Mining
31:29 Leather Archer Armor
33:01 Chemistry
40:41 Bracer
41:11 Ring Archer Armor
AiM | Facu1414
10:59 Feudal Age
13:40 Castle Age
11:56 Double-Bit Axe
12:33 Horse Collar
19:30 Bow Saw
20:44 Gold Mining
25:28 Imperial Age
22:44 Loom
23:04 Light Cavalry
24:51 Husbandry
25:19 Scale Barding Armor
25:25 Forging
25:52 Bloodlines
25:54 Forging
26:34 Ballistics
27:34 Chain Barding Armor
29:07 Chemistry
31:59 Heavy Scorpion
33:03 Capped Ram
34:26 Wheelbarrow
36:23 Double Crossbow
36:04 Hussar
AIM | Agua cate 98
10:30 Feudal Age
10:24 Loom
14:43 Castle Age
13:08 Double-Bit Axe
14:26 Horse Collar
14:41 Stone Mining
17:06 Sanctity
27:50 Wheelbarrow
27:35 Redemption
32:03 Gold Mining
32:15 Heavy Plow
33:08 Hand Cart
40:11 Imperial Age
Connection lost

Rejoining the realm…

Still unreachable

The connection could not be restored.

Session expired

The server has moved on; the page needs a fresh start.